 Dungeon Crawl Stone Soup version 0.17.2 (webtiles) character file.

14338 Charly the Grappler (level 11, -8/105 (107) HPs)
             Began as a Troll Warper on May 31, 2016.
             Was a High Priest of Cheibriados.
             Mangled by nublet's ghost (15 damage)
             ... in a volcano.
             The game lasted 01:15:57 (3388 turns).

Charly the Grappler (Troll Warper)                  Turns: 3388, Time: 01:15:57

HP:   -8/105 (107)  AC:  6    Str: 33    XL:     11   Next: 87%
MP:   14/14         EV: 14    Int: 24    God:    Cheibriados [*****.]
Gold: 606           SH:  0    Dex: 21    Spells: 5 memorised, 3 levels left

rFire  + + .     SeeInvis .       - Unarmed
rCold  x . .     Clarity  .     u - +1 robe {rF+}
rNeg   + . .     SustAt   .     (no shield)
rPois  .         Gourm    +     (helmet restricted)
rElec  .         Spirit   .     (no cloak)
rCorr  .         Warding  .     (gloves unavailable)
rMut   .         Stasis   .     (boots unavailable)
MR     .....                    (no amulet)
Stlth  ++........               k - ring of positive energy
                                f - ring of fire

@: exhausted, drained, very slow, not resistant to hostile enchantments,
unstealthy
A: unfitting armour, claws 3, fast metabolism 3, gourmand, regeneration 2,
shaggy fur 1, tough skin 2
a: Bend Time, Temporal Distortion, Slouch, Step From Time, Renounce Religion


You were in a volcano.
You worshipped Cheibriados.
Cheibriados was extremely pleased with you.
You were full.

You visited 5 branches of the dungeon, and saw 22 of its levels.
You also visited: Volcano.

You collected 606 gold pieces.

Inventory:

Hand Weapons
 E - a +1 demon whip of flaming
Missiles
 d - a tomahawk of dispersal
 g - 10 poisoned needles
 x - 2 large rocks (quivered)
Armour
 u - a +1 robe of fire resistance (worn)
 y - a +1 robe of cold resistance
Magical Staves
 z - an uncursed staff of power
Jewellery
 c - an uncursed ring of ice
 f - a ring of fire (left claw)
 k - a ring of positive energy (right claw)
 A - an uncursed ring of wizardry
Wands
 j - a wand of polymorph (12)
 m - a wand of frost (7)
 p - a wand of flame (12)
Scrolls
 h - 2 scrolls of magic mapping
 i - a scroll of amnesia
 l - 2 scrolls of remove curse
 v - a scroll of fear
Potions
 n - 3 potions of curing
 o - a potion of cancellation
 s - a potion of berserk rage
 w - a potion of cure mutation
 B - a potion of brilliance {unknown}
 C - a potion of might {unknown}
 D - a potion of agility {unknown}
Books
 b - a book of Spatial Translocations

   Spells                             Type                      Level
   a - Apportation                    Translocation                1
   b - Blink                          Translocation                2
   c - Shroud of Golubria             Charms/Translocation         2
   d - Portal Projectile              Translocation                3
   e - Teleport Other                 Translocation                3
   f - Passage of Golubria            Translocation                4
 r - a book of Necromancy

   Spells                             Type                      Level
   a - Pain                           Necromancy                   1
   b - Animate Skeleton               Necromancy                   1
   c - Vampiric Draining              Necromancy                   3
   d - Regeneration                   Charms/Necromancy            3
   e - Animate Dead                   Necromancy                   4
   f - Control Undead                 Necromancy                   4
Comestibles
 e - 10 bread rations
 q - 3 meat rations


   Skills:
 + Level 6.5(5.9) Fighting
 - Level 0.8(0.3) Throwing
 + Level 6.4(5.8) Dodging
 + Level 14.5(13.8) Unarmed Combat
 - Level 1.2(0.7) Spellcasting
 - Level 2.1(1.6) Translocations
 - Level 5.6(5.0) Invocations


You had 3 spell levels left.
You knew the following spells:

 Your Spells              Type           Power        Failure   Level  Hunger
a - Apportation           Tloc           #.........   10%         1    ##.....
b - Blink                 Tloc           N/A          12%         2    ###....
g - Shroud of Golubria    Chrm/Tloc      #.........   14%         2    ###....
r - Regeneration          Chrm/Necr      #.........   43%         3    ####...
A - Animate Skeleton      Necr           N/A          14%         1    ##.....


Dungeon Overview and Level Annotations

Branches:
Dungeon (12/15)            Temple (1/1) D:7            Lair (4/8) D:10
    Orc (4/4) D:11            Elf (1/3) Orc:3
  Swamp: Lair:3-6    Shoals: Lair:3-6     Snake: Lair:3-6    Spider: Lair:3-6

Altars:
Ashenzari
Cheibriados
Dithmenos
Elyvilon
Fedhas
Gozag
Kikubaaqudgha
Makhleb
Nemelex Xobeh
Okawaru
Qazlal
Ru
Sif Muna
Trog
Vehumet
Xom
Yredelemnul
Zin
The Shining One
Beogh

Annotations:
D:11 exclusion: downstairs Volcano nublet's ghost, journeyman DrMo


Innate Abilities, Weirdness & Mutations

You are too large for most types of armour.
You have claws for hands.
Your metabolism is lightning-fast.
You like to eat raw meat.
You heal very quickly.
You are covered in fur (AC +1).
You have very tough skin (AC +2).


Message History

Nublet's ghost hits you!
* * * LOW HITPOINT WARNING * * *
You miss nublet's ghost.
Nublet's ghost is heavily damaged.
Nublet's ghost hits you!
* * * LOW HITPOINT WARNING * * *
Drink which item? (? for menu, Esc to quit)
Okay, then.
Read which item? (? for menu, Esc to quit)
Okay, then.
Drink which item? (? for menu, Esc to quit)
Magic courses through your body.
Nublet's ghost points at you and mumbles some strange words.
You struggle to resist.
You fail to use your ability.
Nublet's ghost breathes negative energy at you.
The bolt of negative energy hits you! You partially resist.
You feel drained.
* * * LOW HITPOINT WARNING * * *
You fail to use your ability.
Nublet's ghost hits you!
You die...

≈§§..≈≈≈.≈§..≈≈§≈≈§≈.
.§§§...........§§..^.
####...##)##...#####
##.##...##.##)..##
#.#[..).#.#[....# #
#.#...[.#.#.)...# .#
#.##).[##.##...# ..#
...#####...##)##...#
.............@......#
≈≈≈≈≈≈≈≈≈≈.≈≈W≈≈.≈≈≈≈≈≈≈
W≈.≈≈≈≈≈≈≈≈≈.≈≈≈≈≈≈≈.≈≈≈≈
≈≈≈≈≈≈≈≈≈≈≈≈≈≈≈≈≈≈≈≈≈≈≈≈≈≈
≈W≈≈≈≈≈≈≈≈≈≈≈≈≈≈≈≈≈≈≈≈≈≈≈≈
≈≈≈≈≈≈≈≈≈≈≈≈≈≈≈≈≈≈≈≈
≈≈≈≈≈≈≈≈≈≈≈≈≈≈≈≈≈≈≈
≈≈≈≈≈≈≈≈≈≈≈≈≈≈≈≈≈≈


You could see nublet's ghost.

Vanquished Creatures
  Fannar (Lair:1)
  Erica (Lair:1)
  Urug (Orc:2)
  3 hill giants
  The ghost of Charly the Grappler, a novice VSMo of Cheibriados (Volcano)
  An orc sorcerer (Orc:2)
  A cyclops (D:11)
  A spiny frog (Lair:4)
  A kobold demonologist (D:11)
  3 trolls
  A fire drake (D:9)
  2 two-headed ogres
  4 blink frogs (Lair:4)
  A spriggan (D:8)
  A wyvern (D:9)
  A deep elf mage (D:11)
  6 yaks (D:12)
  A fire bat (Volcano)
  2 hippogriffs
  2 hungry ghosts
  3 deep elf fighters
  A hog (Volcano)
  A warg (D:11)
  6 wolves (Lair:4)
  2 water moccasins
  3 nagas (Lair:4)
  A hell hound (Volcano)
  3 porcupines
  A black bear (D:7)
  An ice beast (D:11)
  A phantom (D:8)
  A sky beast (D:10)
  4 ogres
  A necrophage (D:7)
  7 orc warriors
  A crocodile (Lair:4)
  2 centaurs
  3 giant frogs
  2 wyvern zombies (D:11)
  A hound (D:10)
  A giant frog zombie (D:10)
  9 orc wizards
  6 orc priests
  A jelly (D:10)
  A giant frog skeleton (D:11)
  2 iguanas
  A killer bee zombie (D:9)
  2 sheep (D:10)
  17 river rats (Lair:1)
  3 adders
  A shadow imp (D:8)
  An ooze (D:7)
  A worm (D:4)
  An adder skeleton (D:4)
  A giant gecko (D:2)
  86 orcs
  2 hobgoblins
  A kobold (D:1)
  2 bats
  A giant gecko skeleton (D:8)
  A giant newt (D:1)
  2 quokkas (D:8)
  A rat (D:2)
224 creatures vanquished.

Vanquished Creatures (others)
  A two-headed ogre (Volcano)
1 creature vanquished.

Grand Total: 225 creatures vanquished

Notes
Turn   | Place    | Note
--------------------------------------------------------------
     0 | D:1      | Charly the Troll Warper began the quest for the Orb.
     0 | D:1      | Reached XP level 1. HP: 19/19 MP: 1/1
   206 | D:2      | Reached XP level 2. HP: 27/27 MP: 0/2
   418 | D:4      | Reached skill level 3 in Unarmed Combat
   460 | D:5      | Entered Level 5 of the Dungeon
   460 | D:5      | Noticed an ogre
   465 | D:5      | Killed an ogre
   465 | D:5      | Reached skill level 4 in Unarmed Combat
   465 | D:5      | Reached XP level 3. HP: 14/33 MP: 3/3
   465 | D:5      | Reached XP level 4. HP: 17/41 MP: 4/4
   494 | D:6      | Reached skill level 5 in Unarmed Combat
   523 | D:5      | Learned a level 2 spell: Blink
   571 | D:6      | Noticed a centaur
   582 | D:6      | Killed a centaur
   582 | D:6      | Reached XP level 5. HP: 21/48 MP: 5/5
   645 | D:7      | Noticed a black bear
   645 | D:7      | Noticed a necrophage
   651 | D:7      | Killed a necrophage
   651 | D:7      | Reached skill level 6 in Unarmed Combat
   651 | D:7      | Reached XP level 6. HP: 46/53 MP: 4/6
   657 | D:7      | Killed a black bear
   657 | D:7      | Reached skill level 7 in Unarmed Combat
   670 | D:8      | Noticed a hippogriff
   677 | D:8      | Killed a hippogriff
   756 | D:7      | Found a staircase to the Ecumenical Temple.
   765 | Temple   | Entered the Ecumenical Temple
   801 | Temple   | Became a worshipper of Cheibriados the Contemplative
   934 | D:8      | Noticed a spriggan baker
   941 | D:8      | Killed a spriggan baker
   941 | D:8      | Reached skill level 8 in Unarmed Combat
   941 | D:8      | Reached XP level 7. HP: 16/60 MP: 1/7
   981 | D:8      | Learned a level 2 spell: Shroud of Golubria
  1264 | D:8      | Noticed a deep elf fighter
  1273 | D:8      | Killed a deep elf fighter
  1273 | D:8      | Reached skill level 9 in Unarmed Combat
  1366 | D:9      | Noticed a troll
  1484 | D:9      | Killed a troll
  1484 | D:9      | Reached skill level 10 in Unarmed Combat
  1484 | D:9      | Reached XP level 8. HP: 29/68 MP: 5/8
  1499 | D:9      | Noticed a wyvern
  1503 | D:9      | Killed a wyvern
  1508 | D:9      | Found a basalt altar of Yredelemnul.
  1529 | D:10     | Entered Level 10 of the Dungeon
  1586 | D:9      | Reached * piety under Cheibriados
  1595 | D:9      | Noticed a troll
  1596 | D:9      | Noticed a fire drake
  1596 | D:9      | a troll changed into a fire drake
  1608 | D:9      | Killed a fire drake
  1636 | D:9      | Reached skill level 11 in Unarmed Combat
  1646 | D:9      | Found a glowing silver altar of Zin.
  1724 | D:11     | Reached XP level 9. HP: 56/74 MP: 5/9
  1725 | D:11     | 5/10
  1790 | D:11     | Noticed a troll
  1791 | D:11     | Noticed a hill giant
  1803 | D:11     | Killed a hill giant
  1803 | D:11     | Reached skill level 12 in Unarmed Combat
  1805 | D:11     | Killed a troll
  1854 | D:11     | Noticed a two-headed ogre
  1858 | D:11     | Noticed a cyclops
  1861 | D:11     | Killed a two-headed ogre
  1881 | D:11     | Killed a cyclops
  1920 | D:11     | Reached ** piety under Cheibriados
  1955 | D:12     | Reached XP level 10. HP: 65/92 MP: 10/10
  1970 | D:12     | Noticed a hill giant
  1985 | D:12     | Killed a hill giant
  1985 | D:12     | Reached skill level 5 in Dodging
  1990 | D:12     | Learned a level 3 spell: Regeneration
  1992 | D:12     | Learned a level 1 spell: Animate Skeleton
  2030 | D:11     | Reached skill level 5 in Fighting
  2036 | D:11     | Noticed a two-headed ogre
  2069 | D:11     | Noticed a kobold demonologist
  2079 | D:11     | Killed a kobold demonologist
  2094 | D:11     | Noticed a hill giant
  2097 | D:11     | Noticed a troll
  2102 | D:11     | Killed a hill giant
  2102 | D:11     | Reached skill level 13 in Unarmed Combat
  2115 | D:11     | Killed a troll
  2171 | D:12     | Noticed a brown ugly thing
  2171 | D:12     | Noticed a brown ugly thing
  2193 | D:11     | Found a staircase to the Orcish Mines.
  2214 | Orc:1    | Entered Level 1 of the Orcish Mines
  2265 | Orc:2    | Noticed Urug
  2285 | Orc:3    | Reached *** piety under Cheibriados
  2302 | Orc:4    | Entered Level 4 of the Orcish Mines
  2302 | Orc:4    | Noticed a cyclops
  2373 | Orc:3    | Reached skill level 1 in Invocations
  2429 | Orc:3    | Found a staircase to the Elven Halls.
  2432 | Orc:3    | Reached **** piety under Cheibriados
  2452 | Elf:1    | Entered Level 1 of the Elven Halls
  2464 | Orc:2    | Noticed an orc sorcerer
  2472 | Orc:2    | Killed an orc sorcerer
  2546 | Orc:2    | Found a roughly hewn altar of Beogh.
  2585 | Orc:2    | Reached XP level 11. HP: 103/103 MP: 11/11
  2585 | Orc:2    | Reached ***** piety under Cheibriados
  2593 | Orc:2    | Killed Urug
  2610 | Orc:1    | Noticed an orc sorcerer
  2731 | D:10     | Found a staircase to the Lair.
  2748 | Lair:1   | Entered Level 1 of the Lair of Beasts
  2772 | Lair:1   | Noticed Erica
  2780 | Lair:1   | Killed Erica
  2865 | Lair:1   | Noticed Fannar
  2880 | Lair:1   | Killed Fannar
  3066 | Lair:3   | Reached skill level 14 in Unarmed Combat
  3094 | Lair:4   | Reached skill level 5 in Invocations
  3122 | Lair:4   | Noticed a naga warrior
  3262 | Lair:4   | Found a dark tunnel.
  3271 | Volcano  | Entered a volcano
  3271 | Volcano  | Noticed Charly's ghost (novice VSMo)
  3356 | Volcano  | Noticed nublet's ghost (journeyman DrMo)
  3360 | Volcano  | Killed Charly's ghost
  3386 | Volcano  | Charly: killed by sif munas Dr ghost............................................................
  3388 | Volcano  | Mangled by nublet's ghost

Action                   |  1- 3 |  4- 6 |  7- 9 | 10-12 || total
-------------------------+-------+-------+-------+-------++-------
Melee: Unarmed           |    37 |    31 |   136 |   336 ||   540
Throw: Large rock        |       |       |     3 |    12 ||    15
       Tomahawk          |       |       |     1 |     3 ||     4
 Cast: Apportation       |     5 |    17 |    25 |    57 ||   104
       Shroud of Golubri |       |       |     9 |    18 ||    27
       Regeneration      |       |       |       |     7 ||     7
Invok: Slouch            |       |       |       |     4 ||     4
Evoke: Wand              |     3 |     5 |     9 |     6 ||    23
  Use: Scroll            |       |     1 |    13 |     4 ||    18
       Potion            |       |       |       |     2 ||     2
 Stab: Sleeping          |       |       |       |     1 ||     1
  Eat: Beef jerky        |     1 |     1 |       |       ||     2
       Chunk             |       |     6 |    17 |    15 ||    38
       Pizza             |       |     1 |       |       ||     1
